 Dungeon Crawl Stone Soup version 0.17-a0-1923-gc35365e (webtiles) character file.

209 flametal213 the Sneak (level 6, -2/41 HPs)
             Began as a Halfling Assassin on Sept 29, 2015.
             Slain by a gnoll
             ... wielding a +3 spear of piercing
              (8 damage)
             ... on level 3 of the Dungeon.
             The game lasted 00:33:26 (3390 turns).

flametal213 the Sneak (Halfling Assassin)           Turns: 3390, Time: 00:33:26

Health: -2/41      AC:  5    Str: 11    XL:     6   Next: 12%
Magic:  6/6        EV: 13    Int: 10    God:
Gold:   88         SH:  0    Dex: 18    Spells: 0 memorised, 5 levels left

rFire  . . .     SeeInvis .     G - +2 dagger (venom)
rCold  . . .     Clarity  .     B - +0 leather armour
rNeg   . . .     SustAt   .     (shield restricted)
rPois  .         Gourm    .     (no helmet)
rElec  .         Spirit   .     d - +1 cloak
rCorr  .         Warding  .     (no gloves)
rMut   .         Stasis   .     (no boots)
MR     .....                    (no amulet)
Stlth  ++++......               (no ring)
                                (no ring)

@: not resistant to hostile enchantments, stealthy
A: mutation resistance 1
a: no special abilities


You were on level 3 of the Dungeon.
You were not hungry.

You visited 1 branch of the dungeon, and saw 3 of its levels.

You collected 88 gold pieces.

Inventory:

Hand weapons
 a - a +3 dagger
 b - a +0 blowgun
 h - a +0 whip
 i - a +0 spear
 n - a +0 dagger
 y - a cursed -1 whip
 z - a +0 dagger
 G - a +2 dagger of venom (weapon)
 H - a cursed -3 short sword
 K - a +3 spear
Missiles
 e - 8 poisoned needles
 f - 2 curare-tipped needles
 l - 20 sling bullets of flame
 s - 13 sling bullets
 t - 44 bolts
 w - 101 stones (quivered)
Armour
 c - a +0 robe
 d - a +1 cloak (worn)
 o - a +0 robe
 u - a +0 robe
 x - a +0 plate armour
 A - a +0 animal skin
 B - a +0 leather armour (worn)
 C - a +0 helmet
 I - a +0 scale mail
Magical devices
 D - a wand of polymorph (15)
Scrolls
 k - 3 scrolls of remove curse
 m - a scroll of enchant weapon
 p - 2 scrolls of teleportation
 F - a scroll of identify
Potions
 j - a potion of beneficial mutation
 q - a potion of heal wounds
 r - a potion of lignification
 v - a potion of berserk rage {unknown}
Comestibles
 g - 2 bread rations
 E - a meat ration
 J - 7 chunks of flesh


   Skills:
 + Level 2.6 Fighting
 + Level 4.9 Short Blades
 - Level 2.6 Throwing
 - Level 1.1 Dodging
 + Level 6.4 Stealth


You had 5 spell levels left.
You didn't know any spells.

Dungeon Overview and Level Annotations

Branches:
Dungeon (3/15)

Altars:
Kikubaaqudgha
Sif Muna
Zin

Annotations:
D:3 Eldritch's ghost, average DrBe


Innate Abilities, Weirdness & Mutations

You are small and have problems with some larger weapons.
You are somewhat resistant to further mutation.


Message History

You start resting.
You start resting.
The gnoll misses you.
You hit the gnoll but do no damage.
The gnoll is moderately wounded.
The gnoll completely misses you.
You hit the gnoll.
The gnoll is poisoned.
The gnoll is heavily wounded.
You hit the gnoll.
The gnoll looks even sicker.
The gnoll is heavily wounded.
The gnoll hits you with a spear of piercing!
* * * LOW HITPOINT WARNING * * *
You completely miss the gnoll.
The gnoll is severely wounded.
The gnoll hits you with a spear of piercing.
* * * LOW HITPOINT WARNING * * *
x2 You hit the gnoll.
The gnoll is severely wounded.
The gnoll hits you with a spear of piercing!
You die...

### #.. #.#
#.# #.#
#.######.#
#####.##....#
#.....g..###.#
#.###@##.....#
#.# #.##.###.#
#.# #.##g##
#.# #(#...####
#.#
#.(........
#.#
###...#####
#.# ###.## #.#
#.##.##
###.##.......


You could see a gnoll.

Vanquished Creatures
  Ijyb (D:3)
  Terence (D:3)
  Robin (D:3)
  3 gnolls (D:3)
  4 adders
  2 worms (D:2)
  2 giant geckos (D:2)
  4 giant cockroaches
  9 hobgoblins
  4 jackals (D:2)
  2 quokkas
  7 bats
  4 giant newts
  16 goblins
  4 kobolds
  8 rats
72 creatures vanquished.

Vanquished Creatures (others)
  A human (D:3)
1 creature vanquished.

Grand Total: 73 creatures vanquished

Notes
Turn   | Place    | Note
--------------------------------------------------------------
     0 | D:1      | flametal213 the Halfling Assassin began the quest for the Orb.
     0 | D:1      | Reached XP level 1. HP: 14/14 MP: 1/1
   273 | D:1      | Reached XP level 2. HP: 19/19 MP: 2/2
   737 | D:2      | Reached skill level 5 in Stealth
   764 | D:2      | Reached XP level 3. HP: 21/24 MP: 3/3
  1374 | D:2      | Found a deep blue altar of Sif Muna.
  1389 | D:2      | Reached XP level 4. HP: 4/29 MP: 4/4
  1661 | D:2      | Found a glowing silver altar of Zin.
  2574 | D:3      | Noticed Robin
  2663 | D:3      | Reached XP level 5. HP: 21/34 MP: 5/5
  2849 | D:3      | Killed Robin
  3103 | D:3      | Noticed Eldritch's ghost (average DrBe)
  3253 | D:3      | Noticed Terence
  3260 | D:3      | Killed Terence
  3260 | D:3      | Reached skill level 6 in Stealth
  3269 | D:3      | Found an ancient bone altar of Kikubaaqudgha.
  3269 | D:3      | Noticed a human
  3272 | D:3      | Killed a human
  3277 | D:3      | Noticed Ijyb
  3287 | D:3      | Killed Ijyb
  3333 | D:3      | Reached XP level 6. HP: 29/41 MP: 6/6
  3390 | D:3      | Slain by a gnoll

Vault maps used:
D:1:      lemuel_arrival_broad_hall
D:2:      kennysheep_six_static_rooms, old_standard_altar, lemuel_statue_altar
D:3:      zin_angel, tgw_kikubaaqudgha, uniq_robin, uniq_iyjb, uniq_terence

Action                   |  1- 3 |  4- 6 || total
-------------------------+-------+-------++-------
Melee: Dagger            |   115 |   159 ||   274
  Use: Scroll            |     3 |     6 ||     9
       Potion            |       |     4 ||     4
 Stab: Sleeping          |     6 |     9 ||    15
       Distracted        |     1 |     2 ||     3
  Eat: Meat ration       |     1 |       ||     1
       Chunk             |       |     3 ||     3
